[Event "*** Titled Tuesday Blitz"]
[Site "Chess.com"]
[Date "2020.05.05"]
[Round "3"]
[White "LiemLe"]
[Black "Paladin61"]
[Result "1-0"]
[WhiteElo "2976"]
[BlackElo "2654"]
[TimeControl "180+1"]
[EndTime "10:27:30 PDT"]
[Termination "LiemLe won by checkmate"]

1. d4 Nf6 2. c4 g6 3. Nc3 Bg7 4. e4 d6 5. Nge2 O-O 6. Ng3 a6 7. a4 e5 8. d5 a5 9. Be2 Na6 10. h4 h5 11. Bg5 Qe8 12. O-O Nh7 13. Be3 Qe7 14. f4 Qxh4 15. Qe1 exf4 16. Rxf4 Bg4 17. Bxg4 hxg4 18. Nge2 Qxe1+ 19. Rxe1 Bh6 20. g3 Rfe8 21.
Bd4 Ng5 22. Kg2 Nf3 23. Rh1 Bxf4 24. Rh8# 1-0

[Event "*** Titled Tuesday Blitz"]
[Site "Chess.com"]
[Date "2020.05.05"]
[Round "3"]
[White "DonBroca"]
[Black "JessPinkman"]
[Result "0-1"]
[WhiteElo "2115"]
[BlackElo "2476"]
[TimeControl "180+1"]
[EndTime "10:27:34 PDT"]
[Termination "JessPinkman won by resignation"]

1. e4 c5 2. d4 cxd4 3. c3 Nf6 4. e5 Nd5 5. Nf3 d6 6. Bc4 e6 7.
O-O Be7 8. Re1 O-O 9. cxd4 Nd7 10. Nc3 Nxc3 11. bxc3 dxe5 12. Nxe5 Nxe5 13. Rxe5 Bd6 14.
Re3 Qc7 15. Bd3 g6 16. Rh3 e5 17. Bb2 Bxh3 18. gxh3 exd4 19. cxd4 Bxh2+ 20. Kh1 Bd6 21. Qf3 Rfe8 22. Be4 Rac8 23. Bxb7 Rb8 24. Bc6 Rec8 0-1

[Event "*** Titled Tuesday Blitz"]
[Site "Chess.com"]
[Date "2020.05.05"]
[Round "3"]
[White "Pomegranate988"]
[Black "mshuaau0"]
[Result "1-0"]
[WhiteElo "2473"]
[BlackElo "2115"]
[TimeControl "180+1"]
[EndTime "10:27:36 PDT"]
[Termination "Pomegranate988 won by resignation"]

1. d4 d5 2. c4 e6 3. Nf3 Nf6 4. g3 dxc4 5. Bg2 a6 6. O-O Nc6 7. Nc3 Rb8 8. e4 Be7 9. Qc2 O-O 10. Rd1 Nb4 11. Qe2 Nd3 12. Be3 b5 13. b3 Bb7 14.
Ne5 c5 15. Nxd3 cxd3 16. Qxd3 b4 17. Na4 cxd4 18. Bxd4 Qa5 19. Bb6 Qh5 20. h3 Qg6 21.
Re1 Rbc8 22. Rad1 Nd5 23. exd5 Qxd3 24. Rxd3 1-0

[Event "*** Titled Tuesday Blitz"]
[Site "Chess.com"]
[Date "2020.05.05"]
[Round "3"]
[White "Baby_Legs"]
[Black "Sjakkerntobi"]
[Result "1/2-1/2"]
[WhiteElo "2677"]
[BlackElo "2250"]
[TimeControl "180+1"]
[EndTime "10:27:37 PDT"]
[Termination "Game drawn by repetition"]

1. d4 Nf6 2. c4 e6 3. Nc3 d5 4. cxd5 exd5 5. Bg5 Be7 6. e3 c6 7. Bd3 O-O 8. Qc2 h6 9. Bh4 Nbd7 10. Nf3 Re8 11. O-O-O c5 12. dxc5 Nxc5 13. Kb1 Be6 14. Nd4 Nxd3 15. Qxd3 a6 16. f3 Rc8 17. g4 b5 18. Bg3 b4 19. Nce2 Qa5 20. h4 Nd7 21. Nf4 Nc5 22. Qd2 Bf6 23. Nfxe6 fxe6 24. g5 Bxd4 25.
exd4 Na4 26. gxh6 Nc3+ 27. bxc3 bxc3 28. Qc2 Rb8+ 29. Bxb8 Rxb8+ 30. Ka1 Rb2 31. Qxb2 cxb2+ 32. Kxb2 Qb4+ 33. Kc2 Qc4+ 34. Kb1 Qb4+ 35. Ka1 Qc3+ 36. Kb1 Qb4+ 37. Kc2 Qc4+ 38. Kb2 Qb4+ 39. Kc2 1/2-1/2

[Event "*** Titled Tuesday Blitz"]
[Site "Chess.com"]
[Date "2020.05.05"]
[Round "3"]
[White "Superfelix"]
[Black "Konavets"]
[Result "0-1"]
[WhiteElo "2464"]
[BlackElo "2930"]
[TimeControl "180+1"]
[EndTime "10:27:37 PDT"]
[Termination "Konavets won by resignation"]

1. e4 e5 2. Nf3 Nc6 3. d4 exd4 4. Nxd4 Nf6 5. Nc3 Bb4 6. Nxc6 bxc6 7. Bd3 O-O 8. O-O d6 9. h3 Nd7 10. f4 Re8 11. Qf3 Nc5 12. Be3 Rb8 13. Ne2 Ba6 14. a3 Nxd3 15. axb4 Nxb4 16. c3 Bxe2 17. Qxe2 Rxe4 18.
cxb4 Qe7 19. Ra3 Rexb4 20. Qf3 c5 21. Bc1 R4b7 22. Re3 Qd7 23. Rfe1 h6 24. Re7 Qf5 25. g4 Qf6 26. Qd3 g6 27. Re8+ Rxe8 28. Rxe8+ Kg7 29. Bd2 Qd4+ 30. Qxd4+ cxd4 31. b4 c5 32. Rd8 cxb4 33.
Rxd6 b3 34. Bc1 b2 35. Bxb2 Rxb2 36. Rxd4 Ra2 37. Rd7 a5 38. Ra7 a4 39. Ra6 a3 40.
h4 Kf8 41. h5 gxh5 42. gxh5 Ke7 43. Rxh6 Rb2 44. Ra6 a2 45. h6 Rb1+ 46. Kg2 a1=Q 47. Rxa1 Rxa1 0-1

[Event "*** Titled Tuesday Blitz"]
[Site "Chess.com"]
[Date "2020.05.05"]
[Round "3"]
[White "albano87"]
[Black "UCantHandleDenker"]
[Result "1-0"]
[WhiteElo "2403"]
[BlackElo "2583"]
[TimeControl "180+1"]
[EndTime "10:27:37 PDT"]
[Termination "albano87 won by resignation"]

1. Nf3 Nf6 2. d4 g6 3. g3 Bg7 4. Bg2 O-O 5. O-O c5 6. dxc5 Na6 7. Be3 Qc7 8. Nc3 Nxc5 9. Nb5 Qb6 10. a4 a5 11. c3 Ng4 12. Bd4 Bxd4 13. cxd4 Na6 14. e4 d6 15. Qd2 Bd7 16. Nc3 Nb4 17. h3 Nf6 18. e5 Nfd5 19. Qh6 f6 20. Nh4 fxe5 21.
Bxd5+ Nxd5 22. Nxd5 Qxd4 23. Nxe7+ Kf7 24. Qxh7+ Ke8 25.
Nexg6 1-0

[Event "*** Titled Tuesday Blitz"]
[Site "Chess.com"]
[Date "2020.05.05"]
[Round "3"]
[White "peixe64"]
[Black "emperor87"]
[Result "0-1"]
[WhiteElo "2232"]
[BlackElo "2578"]
[TimeControl "180+1"]
[EndTime "10:27:39 PDT"]
[Termination "emperor87 won by resignation"]

1. d4 Nf6 2. c4 g6 3. Nc3 Bg7 4. e4 O-O 5. h3 d6 6. Be3 e5 7. d5 c6 8. Nf3 a6 9. a4 a5 10.
Be2 Na6 11. g4 cxd5 12. cxd5 Nd7 13. Rg1 Ndc5 14. Nd2 Kh8 15. Nc4 f5 16. gxf5 gxf5 17. exf5 Bxf5 18. Rc1 Rc8 19. Nb5 Nb4 20. Rc3 Ne4 21.
Rc1 Qh4 22. Bg4 Bxg4 23. Rxg4 Qxh3 24. Rg1 Nxf2 25. Bxf2 Nd3+ 26. Qxd3 Qxd3 27. Rg3 Qe4+ 28. Re3 Qh1+ 29. Kd2 Rxf2+ 0-1

[Event "*** Titled Tuesday Blitz"]
[Site "Chess.com"]
[Date "2020.05.05"]
[Round "3"]
[White "PetrolulSah"]
[Black "Nostradamus123"]
[Result "0-1"]
[WhiteElo "2263"]
[BlackElo "2496"]
[TimeControl "180+1"]
[EndTime "10:27:42 PDT"]
[Termination "Nostradamus123 won by resignation"]

1. d4 d5 2. c4 c6 3. Nf3 Nf6 4. Nc3 dxc4 5. e4 b5 6. a4 b4 7. Na2 Nxe4 8. Bxc4 e6 9. O-O Be7 10. Re1 Nf6 11. Bg5 Nbd7 12. Nc1 Bb7 13. Nd3 O-O 14.
Nfe5 Nxe5 15. dxe5 Nd5 16. Bxe7 Qxe7 17. Bxd5 cxd5 18.
a5 Ba6 19. Ra4 Rac8 20. Qb3 Bxd3 21. Qxd3 Rc4 22. a6 Rfc8 23. g3 Qc5 24. Qe3 Re4 25. Qd2 Qc2 0-1

[Event "*** Titled Tuesday Blitz"]
[Site "Chess.com"]
[Date "2020.05.05"]
[Round "3"]
[White "awesomevishesh"]
[Black "Morshynska"]
[Result "1-0"]
[WhiteElo "2477"]
[BlackElo "2145"]
[TimeControl "180+1"]
[EndTime "10:27:44 PDT"]
[Termination "awesomevishesh won by checkmate"]

1. d4 d5 2. c4 e6 3. Nf3 Nf6 4. g3 dxc4 5. Bg2 c6 6. Ne5 Bb4+ 7. Bd2 Qxd4 8. Bxb4 Qxe5 9. Na3 b5 10. Bd6 Qxb2 11.
O-O Nd5 12. e4 Nb4 13. Rb1 Qxa3 14. Bxb4 Qd3 15. Qg4 g6 16. Rfd1 Qc2 17. Qg5 Nd7 18. Qe7# 1-0

[Event "*** Titled Tuesday Blitz"]
[Site "Chess.com"]
[Date "2020.05.05"]
[Round "3"]
[White "RATNAKARAN"]
[Black "ozates"]
[Result "1-0"]
[WhiteElo "2587"]
[BlackElo "2368"]
[TimeControl "180+1"]
[EndTime "10:27:45 PDT"]
[Termination "RATNAKARAN won by resignation"]

1. e4 c5 2. Nf3 Nc6 3. Bb5 g6 4. O-O Bg7 5. Re1 e5 6. c3 Nge7 7. d4 exd4 8. cxd4 Nxd4 9. Nxd4 cxd4 10. Bf4 O-O 11. Bd6 Re8 12. Bc4 Nc6 13. Nd2 Ne5 14.
Bd5 Qh4 15. Rc1 Nd3 16. Qf3 Qf6 17. Qxd3 Qxd6 18. Nc4 Qf4 19. g3 Qf6 20. e5 Qa6 21. Qxd4 d6 22. Nxd6 Rf8 23. Rxc8 Raxc8 24. Bxb7 Qa5 25. b4 Bxe5 26. bxa5 Bxd4 27. Nxc8 Rd8 28. Ne7+ Kf8 29. Nc6 1-0

[Event "*** Titled Tuesday Blitz"]
[Site "Chess.com"]
[Date "2020.05.05"]
[Round "3"]
[White "mjray79"]
[Black "annacramling"]
[Result "1-0"]
[WhiteElo "2257"]
[BlackElo "1920"]
[TimeControl "180+1"]
[EndTime "10:27:47 PDT"]
[Termination "mjray79 won on time"]

1. d4 Nf6 2. c4 e6 3. g3 d5 4. Bg2 Bb4+ 5. Bd2 Bd6 6. Nf3 c6 7.
Qc2 Nbd7 8. O-O O-O 9. Bg5 Re8 10. Nc3 dxc4 11. e4 e5 12. Rad1 Qc7 13. Rfe1 h6 14. dxe5 Bxe5 15. Nxe5 hxg5 16. Nxc4 Ne5 17. Nd6 Rd8 18. Nf5 Rxd1 19. Rxd1 Bxf5 20. exf5 Rd8 21. Nd5 Nxd5 22. Bxd5 Qb6 23. Qe2 cxd5 24. Qxe5 Qxb2 25. Qxb2 1-0

[Event "*** Titled Tuesday Blitz"]
[Site "Chess.com"]
[Date "2020.05.05"]
[Round "3"]
[White "AustrianFalcon"]
[Black "gmelviro"]
[Result "1-0"]
[WhiteElo "2500"]
[BlackElo "2271"]
[TimeControl "180+1"]
[EndTime "10:27:48 PDT"]
[Termination "AustrianFalcon won by resignation"]

1. c4 e5 2. Nc3 Nc6 3. Nf3 g6 4.
d4 exd4 5. Nxd4 Bg7 6. Nxc6 bxc6 7. e4 Ne7 8. h4 h6 9. Bd3 O-O 10. f4 d5 11. e5 dxc4 12. Bxc4 Qxd1+ 13. Kxd1 Bg4+ 14. Kc2 Rfd8 15. Be3 Nd5 16. Nxd5 cxd5 17. Bd3 Bf8 18. h5 Bxh5 19. f5 c5 20. fxg6 Bxg6 21. Bxh6 Bxh6 22.
Rxh6 Kg7 23. Rah1 Rh8 24. Rxh8 Rxh8 25. Rxh8 Kxh8 26. Bxg6 fxg6 27. a3 Kg7 28. b4 cxb4 29. axb4 Kf7 30. Kd3 Ke7 31. Kd4 Ke6 32. b5 g5 33. g4 Ke7 34. Kxd5 Kd7 35. e6+ Ke7 36. Ke5 1-0

[Event "*** Titled Tuesday Blitz"]
[Site "Chess.com"]
[Date "2020.05.05"]
[Round "3"]
[White "Camels1981"]
[Black "Salem-AR"]
[Result "0-1"]
[WhiteElo "2238"]
[BlackElo "2974"]
[TimeControl "180+1"]
[EndTime "10:27:51 PDT"]
[Termination "Salem-AR won by resignation"]

1. e4 c5 2. Nf3 Nc6 3. d4 cxd4 4. Nxd4 Nf6 5. Nc3 e5 6. Ndb5 d6 7. Nd5 Nxd5 8. exd5 Nb8 9. a4 Be7 10. Be2 O-O 11.
O-O Nd7 12. c4 a6 13. Nc3 a5 14. Nb5 Nc5 15. Be3 b6 16. Bxc5 bxc5 17. f4 exf4 18. Rxf4 Bf6 19. Qc2 Be5 20. Rf3 Bg4 21. Re3 Qg5 22.
Rxe5 dxe5 23. Bxg4 Qxg4 24. Re1 Rae8 25. d6 e4 26. Nc7 Re5 27. Nd5 e3 28. Re2 Rfe8 29. h3 Qd7 30. Qd3 Qxd6 0-1

[Event "*** Titled Tuesday Blitz"]
[Site "Chess.com"]
[Date "2020.05.05"]
[Round "3"]
[White "Sanan_Sjugirov"]
[Black "Jeffinho023"]
[Result "1-0"]
[WhiteElo "2852"]
[BlackElo "2458"]
[TimeControl "180+1"]
[EndTime "10:27:53 PDT"]
[Termination "Sanan_Sjugirov won on time"]

1. e4 e5 2. Nf3 Nf6 3. d4 Nxe4 4. Bd3 d5 5. Nxe5 Bd6 6. Nc3 Nf6 7. O-O h6 8. Qf3 c6 9. Ne2 O-O 10. Ng3 Re8 11.
Re1 c5 12. Nh5 c4 13. Bxh6 Bxe5 14. Bxg7 Nxh5 15. Bxe5 Qg5 16. Bh7+ Kxh7 17. Qxf7+ Ng7 18. Bxg7 Rxe1+ 19. Rxe1 Qg6 20. Qf8 Qxg7 21. Re7 Qxe7 22. Qxe7+ 1-0

[Event "*** Titled Tuesday Blitz"]
[Site "Chess.com"]
[Date "2020.05.05"]
[Round "3"]
[White "Budisavljevic"]
[Black "IsikCan"]
[Result "0-1"]
[WhiteElo "2400"]
[BlackElo "2630"]
[TimeControl "180+1"]
[EndTime "10:27:53 PDT"]
[Termination "IsikCan won by resignation"]

1. d4 d5 2. Bf4 c5 3. e3 cxd4 4. exd4 Nc6 5. c3 Bf5 6. Nd2 e6 7. Qb3 Qd7 8. Ngf3 Nge7 9. Bg3 Ng6 10. Be2 h5 11. h3 h4 12. Bh2 Bd6 13. O-O Bxh2+ 14.
Nxh2 Nf4 15. Bf3 O-O-O 16. a4 Kb8 17. a5 a6 18. Qa4 g5 19. b4 Bd3 20. Rfe1 f5 21.
Nb3 Bb5 22. Nc5 Bxa4 23. Nxd7+ Rxd7 24. Rxa4 Na7 25. Be2 Rc8 26. Ra3 Rdc7 27. g3 hxg3 28. fxg3 Nxh3+ 29. Kg2 g4 30. Rc1 Ng5 31. c4 dxc4 32.
Rac3 Nb5 33. Rxc4 Nxd4 34. Bd3 Rxc4 35. Rxc4 Rxc4 36. Bxc4 Nc6 37. Nf1 Nxb4 38. Nd2 Kc7 39. Nb3 Kd6 40. Nd4 Nc6 41. Nb3 Ne4 42. Be2 Nc5 43. Nd2 Nxa5 44. Bd1 Kd5 45. Bc2 b5 46. Kf2 b4 47. Ke3 Nc4+ 48. Nxc4 Kxc4 0-1

[Event "*** Titled Tuesday Blitz"]
[Site "Chess.com"]
[Date "2020.05.05"]
[Round "3"]
[White "politeplayer"]
[Black "kakakz"]
[Result "0-1"]
[WhiteElo "2199"]
[BlackElo "2435"]
[TimeControl "180+1"]
[EndTime "10:27:55 PDT"]
[Termination "kakakz won by checkmate"]

1. e4 c5 2. Nf3 d6 3. d4 cxd4 4. Nxd4 Nf6 5. Nc3 g6 6. Be3 Bg7 7. f3 Nc6 8. Qd2 O-O 9. Bc4 Bd7 10. O-O-O Rc8 11. Bb3 Ne5 12. h4 h5 13. Bh6 Bxh6 14. Qxh6 Rxc3 15. bxc3 Qc7 16. Kb1 a5 17. a4 b5 18.
axb5 a4 19. Bxa4 Ra8 20. b6 Qxb6+ 21. Bb3 Qa5 22. Kc1 Qxc3 23. Bxf7+ Kxf7 24. Nb3 Ra2 25. Nd4 Ra1# 0-1

[Event "*** Titled Tuesday Blitz"]
[Site "Chess.com"]
[Date "2020.05.05"]
[Round "3"]
[White "2346PL"]
[Black "Karina_Ivanova"]
[Result "1-0"]
[WhiteElo "2361"]
[BlackElo "2158"]
[TimeControl "180+1"]
[EndTime "10:27:55 PDT"]
[Termination "2346PL won by resignation"]

1. d4 Nf6 2. Bg5 e6 3. Nf3 c5 4. c3 h6 5. Bh4 b6 6. Nbd2 Bb7 7. e3 d6 8. Be2 Nbd7 9. O-O Be7 10. b4 O-O 11. a4 cxb4 12. cxb4 d5 13. Qb3 Rc8 14. Rac1 Rxc1 15. Rxc1 Qb8 16. Bg3 Bd6 17. Bxd6 Qxd6 18. h3 Rc8 19. Rxc8+ Bxc8 20. Qc3 Bb7 21. Ne5 Qb8 22. Bb5 Nxe5 23. dxe5 Ne8 24. Bxe8 Qxe8 25.
Qc7 Qc8 26. Qxc8+ Bxc8 27. Nb3 Kf8 28. Nd4 Bd7 29. b5 f6 30. f4 g5 31. exf6 gxf4 32. exf4 Kf7 33. Nc6 Kxf6 34. Nxa7 Kf5 35. g3 d4 36. a5 d3 37. Kf2 Bxb5 38. Nxb5 bxa5 39. Ke3 e5 40. g4+ Kf6 41. f5 e4 42. Nd6 a4 43.
Nxe4+ Ke5 44. Nd2 a3 45. Nc4+ 1-0

[Event "*** Titled Tuesday Blitz"]
[Site "Chess.com"]
[Date "2020.05.05"]
[Round "3"]
[White "Kimster98"]
[Black "cuprichanin"]
[Result "1-0"]
[WhiteElo "2531"]
[BlackElo "2312"]
[TimeControl "180+1"]
[EndTime "10:28:01 PDT"]
[Termination "Kimster98 won on time"]

1. d4 Nf6 2. Bf4 d6 3. Nc3 g6 4.
e4 Bg7 5. Qd2 Nbd7 6. O-O-O c5 7. dxc5 Nxc5 8. e5 Nh5 9. Be3 Qa5 10. exd6 Bxc3 11. Qxc3 Qxc3 12. bxc3 exd6 13. Rxd6 Ne4 14. Rd5 Nxc3 15. Rxh5 gxh5 16. Bd4 Ne4 17. f3 Rg8 18.
fxe4 Be6 19. Kb2 O-O-O 20. Nf3 Rd7 21. c3 Rc7 22. g3 Re8 23. Bb5 Bd7 24. Bd3 Bc6 25.
Re1 Rce7 26. Nd2 Rd7 27. e5 f6 28. Bf5 fxe5 29. Bxd7+ Bxd7 30. Rxe5 1-0

[Event "*** Titled Tuesday Blitz"]
[Site "Chess.com"]
[Date "2020.05.05"]
[Round "3"]
[White "mamey78"]
[Black "starplatinum2030"]
[Result "1-0"]
[WhiteElo "2334"]
[BlackElo "2126"]
[TimeControl "180+1"]
[EndTime "10:28:02 PDT"]
[Termination "mamey78 won by resignation"]

1. e4 c5 2. Nf3 e6 3. c3 d5 4. exd5 Qxd5 5. d4 Nf6 6. Be3 Nc6 7. dxc5 Qxd1+ 8. Kxd1 Be7 9. Nbd2 Nd5 10. Nb3 Nxe3+ 11. fxe3 b6 12. Bb5 Bd7 13. cxb6 axb6 14. Nbd4 Rc8 15. Nxc6 Bxc6 16. Bxc6+ Rxc6 17. Ke2 b5 18. Rhd1 Ra6 19. Nd4 b4 20. cxb4 Bxb4 21. a3 Bc5 22. b4 Bxd4 23. Rxd4 Ke7 24. a4 Rha8 25. a5 Rb8 26. Kd3 e5 27. Rc4 Kd6 28. Kc3 Rb5 29.
Kb3 f5 30. Rd1+ Ke6 31. Ka4 Rd5 32. Rxd5 Kxd5 33. Rc3 Ra8 34. b5 f4 35. exf4 exf4 36. b6 g5 37. b7 Rb8 38. a6 g4 39. a7 Rxb7 40. a8=Q f3 1-0

[Event "*** Titled Tuesday Blitz"]
[Site "Chess.com"]
[Date "2020.05.05"]
[Round "3"]
[White "korbul"]
[Black "GiorgianBarbosa"]
[Result "0-1"]
[WhiteElo "2553"]
[BlackElo "2375"]
[TimeControl "180+1"]
[EndTime "10:28:04 PDT"]
[Termination "GiorgianBarbosa won by checkmate"]

1. d4 Nf6 2. Nf3 e6 3. c4 d5 4.
g3 c6 5. Bg2 Be7 6. Nbd2 O-O 7.
O-O Nbd7 8. b3 b6 9. Bb2 Bb7 10. cxd5 cxd5 11. Ne5 Nxe5 12. dxe5 Ne4 13. Nxe4 dxe4 14.
Qb1 Qd2 15. Re1 Bb4 16. Rd1 Qxe2 17. Bd4 Rfd8 18. a3 Be7 19. Re1 Qd3 20. Qxd3 exd3 21.
Bxb7 Rab8 22. Bxb6 axb6 23. Ba6 d2 24. Red1 Ra8 25.
Bc4 Bxa3 26. Kf1 Bb4 27. Rxa8 Rxa8 28. f4 Kf8 29. Ke2 Ke7 30. g4 g6 31. h4 h5 32.
gxh5 gxh5 33. Rg1 Rd8 34. Bd3 Rd4 35. Rf1 Rd8 36. f5 exf5 37. Bxf5 Rd4 38. Bd3 Rxh4 39. Bc4 Re4+ 40. Kd3 Re1 41. Kc2 d1=Q+ 42. Kb2 Qd2# 0-1

[Event "*** Titled Tuesday Blitz"]
[Site "Chess.com"]
[Date "2020.05.05"]
[Round "3"]
[White "martabartel"]
[Black "AminMolaei"]
[Result "1/2-1/2"]
[WhiteElo "2288"]
[BlackElo "2504"]
[TimeControl "180+1"]
[EndTime "10:28:04 PDT"]
[Termination "Game drawn by repetition"]

1. d4 e6 2. Nf3 f5 3. g3 Nf6 4. Bg2 b6 5. O-O Bb7 6. c4 Be7 7. Nc3 O-O 8. d5 Qc8 9. Nd4 a5 10. e4 fxe4 11. Nxe4 Na6 12. Nxf6+ Bxf6 13. dxe6 Bxg2 14.
Kxg2 dxe6 15. Qg4 Nc5 16. Bg5 Qb7+ 17. Kg1 Rad8 18. Nxe6 Nxe6 19. Qxe6+ Kh8 20. Bxf6 Rxf6 21. Qe7 Rdf8 22. Rad1 Qc6 23. Rd8 Kg8 24. Rxf8+ Rxf8 25. b3 a4 26. Re1 axb3 27. axb3 Qf3 28. Qe6+ Kh8 29.
Qe3 Qh5 30. Qe5 Qf3 31. Qe3 Qf6 32. Re2 Qa1+ 33. Kg2 Qa8+ 34. Qe4 Qa3 35. Qe7 Qa8+ 36. Qe4 Qa3 37. Qe7 Qa8+ 38. Qe4 1/2-1/2

[Event "*** Titled Tuesday Blitz"]
[Site "Chess.com"]
[Date "2020.05.05"]
[Round "3"]
[White "Gyapiking"]
[Black "LivajaM"]
[Result "1-0"]
[WhiteElo "2461"]
[BlackElo "2266"]
[TimeControl "180+1"]
[EndTime "10:28:06 PDT"]
[Termination "Gyapiking won by resignation"]

1. c4 e5 2. Nc3 Nc6 3. Nf3 Bc5 4. e3 d6 5. d4 Bb4 6. dxe5 dxe5 7.
Qxd8+ Kxd8 8. Bd2 Be6 9. O-O-O Bxc3 10. Bxc3+ Ke7 11. Nxe5 f6 12. Nxc6+ bxc6 13. Be2 Nh6 14. Rhg1 Nf7 15. g4 Ne5 16. g5 Rhg8 17. b3 c5 18. f4 Nd7 19. Bf3 Rad8 20. Ba5 Nb6 21. h4 Rd6 22. h5 Rgd8 23. Rxd6 Rxd6 24. Rd1 fxg5 25. fxg5 Bf5 26. Rxd6 cxd6 27. Bc3 g6 28. h6 Nd7 29.
Kd2 Ne5 30. Bxe5 dxe5 31. Bd5 Bd7 32. Kc3 a5 33. a3 Be8 34. b4 axb4+ 35. axb4 cxb4+ 36. Kxb4 Kd6 37. Bg8 e4 38. c5+ Ke5 39. Bxh7 Bf7 40.
Kb5 Kf5 41. c6 Kxg5 42. c7 Be6 43. Bg8 Bd7+ 44. Kc5 Kxh6 45. Kd6 Bc8 46. Be6 Ba6 47.
Kc5 Kg5 48. Kb6 Kf6 49. Kxa6 Kxe6 50. c8=Q+ 1-0

[Event "*** Titled Tuesday Blitz"]
[Site "Chess.com"]
[Date "2020.05.05"]
[Round "3"]
[White "TheBigBoss04"]
[Black "Sweafty"]
[Result "1-0"]
[WhiteElo "2724"]
[BlackElo "2511"]
[TimeControl "180+1"]
[EndTime "10:28:08 PDT"]
[Termination "TheBigBoss04 won by resignation"]

1. d4 d6 2. Bg5 Nd7 3. e3 Ngf6 4. Nf3 e5 5. c4 Be7 6. Nc3 O-O 7. Qc2 c6 8. Be2 Qc7 9. O-O Re8 10. Rfd1 Bf8 11. h3 b6 12. b4 Bb7 13. Rac1 a6 14.
a4 exd4 15. exd4 c5 16. dxc5 dxc5 17. b5 axb5 18. axb5 Ne4 19. Nd5 Bxd5 20. Rxd5 Nxg5 21. Nxg5 g6 22. Bf3 Nf6 23. Rdd1 Rad8 24. Re1 Bh6 25. h4 Qf4 26. g3 Qd4 27. Kg2 Bxg5 28. hxg5 Nd7 29. Rxe8+ Rxe8 30. Rd1 1-0

[Event "*** Titled Tuesday Blitz"]
[Site "Chess.com"]
[Date "2020.05.05"]
[Round "3"]
[White "PawnEatingZombie"]
[Black "dpopadic"]
[Result "0-1"]
[WhiteElo "2146"]
[BlackElo "2346"]
[TimeControl "180+1"]
[EndTime "10:28:09 PDT"]
[Termination "dpopadic won by resignation"]

1. d4 Nf6 2. c4 g6 3. Nc3 Bg7 4. e4 d6 5. Be2 O-O 6. Be3 e5 7. d5 a5 8. g4 Na6 9. h4 Nd7 10. h5 Ndc5 11. Nh3 Re8 12. f3 c6 13. Qd2 cxd5 14. cxd5 Bd7 15. hxg6 hxg6 16. Ng5 b5 17. Bxb5 Bxb5 18. Nxb5 Rb8 19. Nc3 Nb4 20. O-O Nbd3 21. b3 Nf4 22. Bxf4 exf4 23. Qxf4 Qf6 24.
Ne2 Qxf4 25. Nxf4 Bxa1 26. Rxa1 Rbc8 27. Ngh3 Nd7 28. Nf2 Ne5 29. Kg2 Rc2 30. a3 Rb8 31. b4 a4 32. Nh3 Rbc8 33. Kg3 R8c3 34. Rb1 Rxf3+ 35. Kg2 Rxa3 36. b5 Rb3 37. Rxb3 axb3 38.
b6 b2 39. b7 b1=Q 0-1

[Event "*** Titled Tuesday Blitz"]
[Site "Chess.com"]
[Date "2020.05.05"]
[Round "3"]
[White "Boninknights"]
[Black "Hippotaner"]
[Result "0-1"]
[WhiteElo "2131"]
[BlackElo "2339"]
[TimeControl "180+1"]
[EndTime "10:28:09 PDT"]
[Termination "Hippotaner won by resignation"]

1. d4 Nf6 2. Nf3 e6 3. c4 Bb4+ 4. Bd2 a5 5. g3 b6 6. Bg2 Bb7 7.
O-O O-O 8. Bg5 Be7 9. Bxf6 Bxf6 10. Nc3 d6 11. e4 Nd7 12. h4 e5 13. d5 Nc5 14. Na4 Ba6 15. Nxc5 bxc5 16. Rc1 Qb8 17. b3 Qb4 18. Qd2 Qxd2 19. Nxd2 Rfb8 20. Bh3 Bc8 21. Bxc8 Rxc8 22. Rb1 Rcb8 23. Rfc1 g6 24. Kf1 Bg7 25. Ke2 f5 26. f3 a4 27. bxa4 Rc8 28. Rb7 Rxa4 29.
Rc2 Bf6 30. h5 Kf7 31. hxg6+ hxg6 32. exf5 gxf5 33. g4 fxg4 34. fxg4 Ke7 35. Ne4 Bh4 36. Kf3 Kd7 37. Kg2 Rf8 38. Kh3 Bd8 39. Rcb2 Rxc4 40. Ng3 Rh8+ 41. Nh5 Rc3+ 42. Kg2 Rg8 43. a4 Rxg4+ 0-1

[Event "*** Titled Tuesday Blitz"]
[Site "Chess.com"]
[Date "2020.05.05"]
[Round "3"]
[White "Vusatiuk_Vladimir"]
[Black "robertofabregas"]
[Result "1-0"]
[WhiteElo "2326"]
[BlackElo "2090"]
[TimeControl "180+1"]
[EndTime "10:28:11 PDT"]
[Termination "Vusatiuk_Vladimir won by resignation"]

1. d4 Nf6 2. Nc3 e6 3. e4 d6 4. Be3 Be7 5. f3 Nbd7 6. Qd2 O-O 7. g4 c5 8. Nge2 cxd4 9. Nxd4 Ne5 10. h4 Nc6 11. h5 Nxd4 12. Qxd4 e5 13. Qd2 Be6 14. O-O-O Rc8 15. g5 Nd7 16. Bh3 f5 17. gxf6 Rxf6 18.
Nd5 Bxd5 19. Qxd5+ Kf8 20. h6 g6 21. f4 Nb6 22.
Qb5 Qc7 23. Bxc8 Nxc8 24. fxe5 dxe5 25. Rd7 Qc6 26. Qxc6 bxc6 27. Bg5 Ke8 28. Rxe7+ Kxe7 29. Rf1 1-0

[Event "*** Titled Tuesday Blitz"]
[Site "Chess.com"]
[Date "2020.05.05"]
[Round "3"]
[White "BaMBoMaTTo"]
[Black "Bigfish1995"]
[Result "0-1"]
[WhiteElo "2676"]
[BlackElo "3115"]
[TimeControl "180+1"]
[EndTime "10:28:12 PDT"]
[Termination "Bigfish1995 won on time"]

1. d4 Nf6 2. c4 e6 3. Nf3 b6 4. g3 Ba6 5. Qc2 Bb7 6. Bg2 c5 7. d5 exd5 8. cxd5 Nxd5 9. O-O Be7 10. Rd1 Nc6 11. a3 Nc7 12. e4 O-O 13. Nc3 d6 14.
Be3 Qc8 15. Rd2 Ne5 16. Bf4 Nxf3+ 17. Bxf3 Ne6 18. Bg4 Qe8 19. Be3 Bf6 20. Rxd6 Nd4 21. Qd3 Be5 22. Rd5 Bxd5 23. Nxd5 Rd8 24. f4 f5 25. fxe5 fxg4 26. Bxd4 cxd4 27. Qxd4 Qe6 28.
Rc1 Rd7 29. Rc7 Qf7 30. Qc4 Rxc7 0-1

[Event "*** Titled Tuesday Blitz"]
[Site "Chess.com"]
[Date "2020.05.05"]
[Round "3"]
[White "Harsha_Bharathakoti"]
[Black "SaySpade4VIP"]
[Result "1-0"]
[WhiteElo "2828"]
[BlackElo "2612"]
[TimeControl "180+1"]
[EndTime "10:28:12 PDT"]
[Termination "Harsha_Bharathakoti won by resignation"]

1. c4 e5 2. Nc3 Nc6 3. e3 Nf6 4. Nf3 Bb4 5. Qc2 O-O 6. Nd5 Re8 7. Ng5 g6 8. h4 Bf8 9. a3 d6 10.
Nxf6+ Qxf6 11. Be2 Bg7 12. Ne4 Qe7 13. g4 f5 14.
gxf5 gxf5 15. Ng3 e4 16. Nh5 Be5 17. Rb1 Qf7 18. b4 Ne7 19. Bb2 Ng6 20. Rg1 Kh8 21.
Nf4 Nxf4 22. exf4 Bf6 23. Bh5 1-0

[Event "*** Titled Tuesday Blitz"]
[Site "Chess.com"]
[Date "2020.05.05"]
[Round "3"]
[White "Enriquack"]
[Black "Ariadna_Atreides"]
[Result "1-0"]
[WhiteElo "2286"]
[BlackElo "1987"]
[TimeControl "180+1"]
[EndTime "10:28:13 PDT"]
[Termination "Enriquack won by resignation"]

1. e4 c5 2. Nf3 d6 3. d4 cxd4 4. Nxd4 Nf6 5. Nc3 Nc6 6. Bc4 Bd7 7. Be3 Ng4 8. Bg5 Qb6 9. Nce2 e5 10. Nxc6 Nxf2 11.
Bxf7+ Kxf7 12. Rf1 Bxc6 13. Rxf2+ Ke8 14. Nc3 Qxb2 15.
Nd5 Bxd5 16. Qxd5 Qb4+ 17. Kf1 Be7 18. Qf7+ Kd8 19. Qxe7+ Kc8 20. Qe6+ Kb8 21. Rd1 Qb5+ 22. Kg1 Qc5 23. Be7 1-0

[Event "*** Titled Tuesday Blitz"]
[Site "Chess.com"]
[Date "2020.05.05"]
[Round "3"]
[White "mitrabhaa"]
[Black "Vaathi_Coming"]
[Result "0-1"]
[WhiteElo "2617"]
[BlackElo "2844"]
[TimeControl "180+1"]
[EndTime "10:28:14 PDT"]
[Termination "Vaathi_Coming won on time"]

1. Nf3 d5 2. d4 Nf6 3. c4 e6 4.
g3 Bb4+ 5. Bd2 Be7 6. Bg2 O-O 7.
O-O c6 8. Qc2 Nbd7 9. Bf4 Nh5 10. Bc1 f5 11. Nc3 b6 12. Ne5 Bb7 13. f4 Nhf6 14.
cxd5 cxd5 15. Bd2 Rc8 16. Rfc1 Ne4 17. Be1 Nxe5 18. fxe5 Bg5 19. Rd1 Be3+ 20. Kh1 Qg5 21. Qd3 Rc4 22. Bf3 Rxd4 23. Qc2 Rc4 24. Kg2 Bc5 25.
b3 Qe3 26. Bd2 Nxd2 27. bxc4 Qf2+ 0-1